Cogmind - Beta 17 @@@ ROGUE MODE // 2026.07.29 @ 01:29:33 Player: gortmind Result: Destroyed by Y-45 Defender with Beam Rifle Performance ------------- Evolutions (1) 500 Regions Visited (2) 400 Robots Destroyed (42) 210 Value Destroyed (996) 996 Prototype IDs (0) 0 Alien Tech Used (0) 0 Bonus (0) 0 TOTAL SCORE: 2106 Bonus ------- None Cogmind --------- Core Integrity 0/400 Matter 278/300 Energy 123/125 System Corruption 0% Temperature Cool (9) Movement Rolling (100) Location -9/Materials Parts ------- > --- POWER (2) -------- Light Ion Engine > --- PROPULSION (2) --- Compact Wheel Compact Wheel > --- UTILITY (2) ------ Medium Storage Unit > --- WEAPON (3) ------- (None) > --- INVENTORY (10) --- Datajack Peak State ------------ > --- POWER ------------ Light Ion Engine Light Ion Engine > --- PROPULSION ------- Aluminum Leg Aluminum Leg > --- UTILITY ---------- Improved Heat Sink Medium Storage Unit > --- WEAPON ----------- Medium Laser Medium Laser Beam Cannon > --- INVENTORY -------- Light Ion Engine Compact Wheel Compact Wheel Heat Sink Datajack [Rating: 11] Favorites ----------- Power Light Ion Engine Engine Light Ion Engine Propulsion Light Treads Treads Light Treads Leg Aluminum Leg Wheel Compact Wheel Utility Medium Storage Unit Device Heat Sink Storage Medium Storage Unit Weapon Medium Laser Energy Gun Medium Laser Energy Cannon Beam Cannon Special Melee Weapon Datajack Build | -11 -10 -9 ------- Run | Yrd Mat Mat Slots Evolved 2 | . . 2 Power 1 | . . 1 Propulsion . | . . . Utility . | . . . Weapon 1 | . . 1 Parts Attached 19 | 6 7 6 Power 3 | 1 . 2 Engine 3 | 1 . 2 Core . | . . . Reactor . | . . . Propulsion 7 | 2 3 2 Treads 3 | 2 1 . Leg 2 | . 2 . Wheel 2 | . . 2 Hover . | . . . Flight . | . . . Utility 5 | 1 3 1 Device 3 | . 2 1 Storage 2 | 1 1 . Processor . | . . . Hackware . | . . . Protection . | . . . Artifact . | . . . Weapon 4 | 2 1 1 Energy Gun 2 | 2 . . Energy Cannon 1 | . 1 . Ballistic Gun . | . . . Ballistic Cannon . | . . . Launcher . | . . . Special Weapon . | . . . Impact Weapon . | . . . Slashing Weapon . | . . . Piercing Weapon . | . . . Special Melee Weapon 1 | . . 1 Unidentified Prototypes . | . . . Parts Lost 10 | . 1 9 Power 2 | . . 2 Propulsion 4 | . 1 3 Utility 1 | . . 1 Weapon 3 | . . 3 Highest Loss Streak 5 | . 1 5 To Critical Strikes . | . . . Average Backups 6 | 3 7 4 Power 1 | . 1 1 Propulsion 3 | 1 3 2 Utility . | . . . Weapon . | . 1 . Tool/Special . | . . . Unused Backups 2 | . 2 . Power . | . . . Propulsion . | . . . Utility 1 | . 1 . Weapon 1 | . 1 . Tool/Special . | . . . Average Slot Usage (%) 94 | . 97 86 Engine 15 | . 14 18 Treads 20 | . 26 7 Leg 4 | . . 10 Device 11 | . 12 9 Storage 12 | . 14 11 Energy Gun 16 | . 16 18 Energy Cannon 11 | . 11 9 Peak Build Rating 11 | 6 7 11 Average Rating 7 | 4 6 8 On Entrance 4 | . 6 7 Avg Prop Armor Cover (%) . | . . . Naked Turns . | . . . Heaviest Build 24 | 12 19 24 Greatest Support 40 | 40 40 40 Greatest Overweight (x) 3 | . . 3 Average Overweight (x) . | . . . Largest Inventory Capacity 10 | 8 10 10 Average Capacity 9 | 6 9 10 Most Carried 8 | 6 8 8 Average Carried 6 | 3 7 4 Final Capacity 10 | 8 10 10 Final Carried 8 | 6 8 1 Class Distribution -------------------- 73% | Mutant 26% | Gunner Dominant Class ---------------- Mutant | -10/Materials Gunner | -9/Materials Resources | -11 -10 -9 ----------- Run | Yrd Mat Mat Matter Collected 428 | 164 193 71 Remotely . | . . . Salvage Created 1302 | . 842 460 Parts 64 | . 49 15 Haulers Intercepted 1 | . 1 . Recyclers Shooed . | . . . Parts Field Recycled . | . . . Retrieved Matter . | . . . Parts Self-Destructed . | . . . Prevented . | . . . Parts Restored . | . . . Kills | -11 -10 -9 ------- Run | Yrd Mat Mat Combat Hostiles Destroyed 32 | . 21 11 Melee 2 | . . 2 Guns 13 | . 10 3 Cannons 16 | . 11 5 Classes Destroyed 10 | . 6 4 Worker 1 | . . 1 Builder 2 | . 2 . Hauler 1 | . 1 . Recycler 1 | . . 1 Operator 1 | . 1 . Watcher 4 | . 3 1 Swarmer 11 | . 6 5 Grunt 19 | . 15 4 Duelist 1 | . . 1 Sentry 1 | . . 1 Best Kill Streak 5 | . 5 4 Combat Bots Only 3 | . 3 3 Max Kills in Single Turn 2 | . 2 2 Gunslinging . | . . . Exploded . | . . . Melee 1 | . . 1 Uniques/NPCs Destroyed . | . . . Combat | -11 -10 -9 -------- Run | Yrd Mat Mat Hostile Shots Fired 201 | . 66 135 Missed 55 | . 19 36 Hits 146 | . 47 99 Melee 6 | . . 6 Projectile 140 | . 47 93 Critical Strikes 3 | . . 3 Damage Taken 1641 | . 499 1142 Core 499 | . 93 406 Absorbed by Shields . | . . . Core Remaining (%) 81 | 100 62 . Volleys Fired 95 | . 63 32 Largest 3 | . 2 3 Hottest 160 | . 110 160 Shots Fired 200 | . 125 75 Gun 118 | . 75 43 Cannon 82 | . 50 32 Launcher . | . . . Special . | . . . Kinetic . | . . . Thermal 200 | . 125 75 Explosive . | . . . Electromagnetic . | . . . Robot Hit Streak 14 | . 10 14 Robot Miss Streak 7 | . 7 2 Penetration Max . | . . . Secondary Targets . | . . . Shots Hit Robots 118 | . 68 50 Core Hits 68 | . 41 27 Critical Kills 1 | . . 1 Critical Parts Destroyed . | . . . Critical Strikes 9 | . 7 2 Burn 8 | . 7 1 Meltdown 1 | . . 1 Melee Attacks 4 | . . 4 Impact . | . . . Slashing . | . . . Piercing . | . . . Sneak Attacks 1 | . . 1 Combat Hostiles . | . . . Follow-up Attacks . | . . . Damage Inflicted 1831 | . 1043 788 Guns 934 | . 571 363 Cannons 841 | . 472 369 Explosions . | . . . Melee . | . . . Ramming 56 | . . 56 Kinetic . | . . . Thermal 1775 | . 1043 732 Explosive . | . . . Electromagnetic . | . . . Impact . | . . . Slashing . | . . . Piercing . | . . . Highest Corruption 1 | . 1 . Average Corruption 1 | . 1 . Corruption Purged . | . . . Corruption Blocked . | . . . Effects 7 | . 7 . Matter Fused 1 | . 1 . Heat Flow Errors 2 | . 2 . Energy Discharges 3 | . 3 . Data Loss (major) 1 | . 1 . Overload Shots . | . . . Overflow Damage . | . . . Projectiles . | . . . Explosions . | . . . Melee . | . . . Knockbacks . | . . . Impact . | . . . Kinetic . | . . . Secondary . | . . . Self-Inflicted Damage 6 | . . 6 Shots . | . . . Rammed 16 | . . 16 Targets Rammed 42 | . . 42 Kicked 26 | . . 26 Crushed . | . . . Highest Temperature 389 | . 308 389 Average Temperature 86 | . 75 109 Received Heat Transfer 456 | . 225 231 Effects 4 | . 4 . Energy Bleed 1 | . 1 . Interference 3 | . 3 . Siege Activations . | . . . Martial Activations . | . . . Shielding Activations . | . . . Robots Disrupted . | . . . Combat Hostiles . | . . . Robots Corrupted . | . . . Combat Hostiles . | . . . Parts Fried . | . . . Impact Corruptions . | . . . Robots Melted 1 | . . 1 Combat Hostiles 1 | . . 1 Parts Melted 15 | . 12 3 Heat Transferred 5143 | . 3219 1924 Parts Sabotaged . | . . . Parts Stolen . | . . . Parts Stripped . | . . . Power Chain Reactions . | . . . Alert | -11 -10 -9 ------- Run | Yrd Mat Mat Maximum Alert Level . | . . . Low Security (%) 100 | 100 100 100 Level 1 . | . . . Level 2 . | . . . Level 3 . | . . . Level 4 . | . . . Level 5 . | . . . High Security . | . . . Max Security . | . . . Peak Influence 144 | . 144 95 Initial 55 | . . 55 Average 57 | . 73 30 Influence Increases 916 | . 624 292 Destroy 0b10 Robot/C 640 | . 420 220 Destroy 0b10 Robot/NC 50 | . 35 15 Destroy Leader 140 | . 98 42 Successful Hack 10 | . 10 . Disable Machine 15 | . 15 . Destroy Structure 1 | . 1 . Lose Combat Pursuer 60 | . 45 15 Influence Decreases 875 | . 493 382 Entered New Map 76 | . . 76 Time Decay 739 | . 483 256 Lost Part 60 | . 10 50 Squads Dispatched 5 | . 5 . Investigation 2 | . 2 . Extermination . | . . . Reinforcement 3 | . 3 . Assault . | . . . Garrison . | . . . Intercept . | . . . Searches Triggered . | . . . Construction Impeded . | . . . Haulers Reinforced . | . . . Active Scanning Responses . | . . . Cargo Convoy Interrupts . | . . . Stealth | -11 -10 -9 --------- Run | Yrd Mat Mat Distress Signals 2 | . . 2 Communications Jammed . | . . . Distress Signals . | . . . Times Spotted 51 | . 29 22 Peak Tracking Total 9 | . 3 9 Tactical Retreats 4 | . 3 1 Traps | -11 -10 -9 ------- Run | Yrd Mat Mat Traps Triggered 2 | . 2 . Indirectly . | . . . Trap Hack Attempts . | . . . Triggered . | . . . Disarmed . | . . . Reprogrammed . | . . . Reused . | . . . Traps Extracted . | . . . Installed . | . . . Triggered . | . . . Machines | -11 -10 -9 ---------- Run | Yrd Mat Mat Machines Disabled 1 | . 1 . Max in Single Turn 1 | . 1 . Machines Repaired . | . . . Machines Dismantled . | . . . Machines Sabotaged . | . . . Overloaded Fab Kills . | . . . Hacking | -11 -10 -9 --------- Run | Yrd Mat Mat Machines Accessed 5 | . 5 . Terminals 5 | . 5 . Fabricators . | . . . Repair Stations . | . . . Recycling Units . | . . . Scanalyzers . | . . . Garrison Access . | . . . Total Hacks 14 | . 14 . Successful 5 | . 5 . Failed 9 | . 9 . Catastrophic 2 | . 2 . Database Lockouts . | . . . Manual . | . . . Terminals 14 | . 14 . Fabricators . | . . . Repair Stations . | . . . Recycling Units . | . . . Scanalyzers . | . . . Garrison Access . | . . . Terminal Hacks 5 | . 5 . Scanalyzer Index 1 | . 1 . Maintenance Status 1 | . 1 . Patrol Status 1 | . 1 . Investigation Status 1 | . 1 . Zone Layout 1 | . 1 . Fabricator Hacks . | . . . Repair Station Hacks . | . . . Recycling Unit Hacks . | . . . Scanalyzer . | . . . Garrison Access Hacks . | . . . Unauthorized Hacks . | . . . Terminals . | . . . Fabricators . | . . . Repair Stations . | . . . Recycling Units . | . . . Scanalyzers . | . . . Garrison Access . | . . . Data Cores Recovered . | . . . Used . | . . . Hacking Detections 4 | . 4 . Full Trace Events 1 | . 1 . Feedback Events . | . . . Feedback Blocked . | . . . Robot Schematics Acquired . | . . . Robots Built . | . . . Authchips . | . . . Time . | . . . Total Robot Build Rating . | . . . Part Schematics Acquired . | . . . Parts Built . | . . . Authchips . | . . . Time . | . . . Total Part Build Rating . | . . . Part Studies Acquired . | . . . Parts Repaired . | . . . Time . | . . . Parts Recycled . | . . . Recycled Matter . | . . . Retrieved Matter . | . . . Retrieved Components . | . . . Parts Scanalyzed . | . . . Part Schematics Acquired . | . . . Parts Damaged . | . . . Bothacking | -11 -10 -9 ------------ Run | Yrd Mat Mat Used RIF Installer . | . . . Robots Hacked 1 | . . 1 Non-combat . | . . . Combat 1 | . . 1 Robot Hacks Applied 1 | . . 1 parse_system 1 | . . 1 Relay Couplers Released . | . . . Fabnet Peak Effective % . | . . . Robots Rewired . | . . . Allies Hacked . | . . . Hacks Repelled . | . . . Allies | -11 -10 -9 -------- Run | Yrd Mat Mat Total Allies . | . . . Largest Group . | . . . Highest-Rated Group . | . . . Highest-Rated Ally . | . . . Total Orders . | . . . Ally Attacks . | . . . Total Damage . | . . . Kills . | . . . Allies Corrupted . | . . . Allies Melted . | . . . Intel | -11 -10 -9 ------- Run | Yrd Mat Mat Active Infowar (turns) 131 | . 131 . Structural 131 | . 131 . Robot Analysis Total . | . . . Derelict Logs Recovered . | . . . Drone Launches . | . . . Drone Recoveries . | . . . Exploration | -11 -10 -9 ------------- Run | Yrd Mat Mat Turns Passed 2812 | 95 1809 908 Spaces Moved 1222 | 55 840 327 Core 13 | 9 . 4 Treads 938 | 46 801 91 Legs 244 | . 39 205 Wheels 27 | . . 27 Hover . | . . . Flight . | . . . Fastest Speed 50 | 50 120 100 Average Speed 163 | 142 158 179 Slowest Speed 240 | 160 160 240 Overloaded Moves . | . . . Propulsion Burnouts . | . . . Robots Hopped . | . . . Potential Cave-ins . | . . . Cave-ins Triggered . | . . . Exploration Rate (%) 42 | 4 94 30 Regions Visited 2 Branch Regions . Pre-discovered Areas . | . . . Known Exits Taken . | . . . Unknown Exits Taken 2 | 1 1 . Scrap Searched . | . . . Spaces Dug . | . . . Terrain Destroyed . | . . . Melee . | . . . Projectile . | . . . AOE . | . . . Terrain Rammed . | . . . Walls Destroyed . | . . . Machines Disabled . | . . . Actions | -11 -10 -9 --------- Run | Yrd Mat Mat Total 1817 | 72 1194 551 Wait 404 | . 271 133 Move 1220 | 54 839 327 Hop . | . . . Pick Up 21 | 12 8 1 Fast Attach . | . . . Attach 16 | 6 2 8 Detach 1 | . . 1 Swap 9 | . 7 2 Drop 5 | . 4 1 Fire 95 | . 63 32 Melee 4 | . . 4 Ram 16 | . . 16 Kick 26 | . . 26 Crush . | . . . Escape Stasis . | . . . Rewire . | . . . Trap . | . . . Miscellaneous . | . . . Route ------- -11/Scrapyard -10/Materials (discovered 4 exits: [*Mat x2] / [*Min] / [*Sub]) -9/Materials History --------- Turn | Location | Event 15 | -11/Scrapyard | Discovered new exit (range 15) 96 | -11/Scrapyard | Entered Materials 306 | -10/Materials | Build established: Mutant 354 | -10/Materials | Discovered new exit (range 10) 677 | -10/Materials | Discovered new exit (range 14) 718 | -10/Materials | Discovered new exit (range 9) 1831 | -10/Materials | Discovered new exit (range 16) 1905 | -10/Materials | Entered another Materials area 1905 | -9/Materials | Evolved 2 slots: Power x1, Weapon x1 2233 | -9/Materials | Build established: Gunner 2714 | -9/Materials | Core integrity fell below 50% 2724 | -9/Materials | Lost 5 parts (2p3w) 2802 | -9/Materials | Core integrity fell below 20% 2813 | -9/Materials | Destroyed by Y-45 Defender with Beam Rifle Last Messages --------------- 02756_ Slammed into S-10 Pest. 02759_ R-06 Scavenger collects Aluminum Leg. 02760_ Slammed into S-10 Pest. 02764_ Destabilizing: Core damaged (-12). 02766_ Slammed into S-10 Pest. 02766_ S-10 Pest destroyed. 02768_ K-01 Serf cleans the Material Compactor. 02777_ Acquired 10 matter. 02778_ Acquired 6 matter. 02780_ Sneak attack on K-01 Serf. 02780_ Jacked K-01 Serf... >>find_chute No applicable chute records found in memory. 02786_ W-16 Scout sends out distress signal. 02805_ Jacked Y-45 Defender... >>parse_system Reading system data... 02806_ Jacked Y-45 Defender... 02809_ Slammed into Y-45 Defender. Map ----- +----------------------------------------------------+ | ??????????????#%%%%%%% # """ #?# #??# # | | ??????????????#####+##### """ #?# #??# """"" # | | ?????????????????#%% + """ #?# #??# ""T"" # | | ?????????????????# # #?# #??# # | | ?????????????????# ########?# #??# ]# | | ?????????????????# #????????# #??#####+### | | ???????###+####### #????????? ???????#??# | | ???????# #????????? ??"" # ## | | ?????" + #????????? ???" + %% | | ?????? # #????????? ???????#### % | | ???????#+#+####### ##/#????????? ??????????# % | | ?????????????????# #? "???????? ??????????###%# | | ?????????????????# #? """"?????? ????????????# # | | ?????????????????# #? """"????????????######## # | | ?????????????????# #??""""?????# | | ?????????????????# #?? ???????????????######## | | ?????????????????# #???????????#??????# # | | ?????????????????# #???????????# ?????# # | | ?????????????????# #???????????#/###### != # | | ?????????????????# #???????????# # == # | | ?????????????????# ####+###????# # = + | | ?????????????????# ## #????# # # [ | | ?????????????????# +????# #+######!% | | ?????????????????# = #????# # #### | | ?????????????????# Y #????# # | | ?????????????????###### @ #????# + | | ??????????????????????## ##????# # | | ???????????????????????# #?????# # | | ???????????????????????# #?????# ########## | | ???????????????????????# #?????# #?????#### | | ???????????????????????# #?????# #?????# | | ???????????????????????# ?????# #?????# | | ???????????????????????# ????########?????# " | | ???????????????????????+ ????????????????# | | ???????????????????????# ????????????????# | | ???????????????????????# ????????????????## | | ??????????????????????? ??????????????????# | | ??????????????????????? ##??????????????????# | | ??????????????????????? ????????????????????# | | ???????????????????????#+#+????????????????????# | | ???????????????????????????????????????????????### | | ?????????????????????????????????????????????????? | | ?????????????????????????????????????????????????? | | ?????????????????????????????????????????????????? | | ?????????????????????????????????????????????????? | | ?????????????????????????????????????????????????? | | ?????????????????????????????????????????????????? | | ?????????????????????????????????????????????????? | | ?????????????????????????????????????????????????? | | | +----------------------------------------------------+ Best States ------------- Heat Dissipation 42 Energy Generation 15 Energy Capacity 150 Matter Stores 300 Matter Capacity 300 Sight Range 16 Terrain Scan Density 10 Evasion (%) 55 Recoil Reduction 2 Item Schematics ----------------- None Robot Schematics ------------------ None Fabricated ------------ Nothing Repaired ---------- Nothing Studied --------- None Alien Tech Used ----------------- None Achievements -------------- None Challenges ------------ None Game ------ Seed SlugPlatingShredder Manual? 0 Play Time 00:26:27 Cumulative 12.8 hours Start 2026.07.29 @ 00:48:56 End 2026.07.29 @ 01:29:33 Sessions 1 Manual Loads 0 Difficulty Rogue Special Mode None Game No. 18 Rogue 18 Adventurer 0 Explorer 0 Win Type - Total 0 Types 0/0/0/0/0/0/0/0/0/0 Lore% 12 Gallery% 13 Achievement% 15 Wizard Run 0 Options --------- Layout 1 ASCII 0 Keyboard 0 Movement Mouse Keybinds 0 Fullscreen 1 Font 48/Smallcaps Map View 50x35 Zoom Use 0% Tactical HUD 1 Map Filters NONE Filters NONE Steam 1 RUN: 4ca6cfec-5709-4bbe-9622-c5acf7905b63